Bruins vs Avalanche
Created - May 7, 2017 at 19:37
Goals
|
| Bruins |
0 |
0 |
1 |
1 |
| Avalanche |
0 |
3 |
2 |
5 |
|
Shots
|
| Bruins |
8 |
12 |
11 |
31 |
| Avalanche |
15 |
9 |
14 |
38 |
|
1st period
No Goal
Penalties :
Chris Kelly (Bos) for Close Hand On Puck (Minor) at 16:41
2nd period
1. Avalanche , Jack Johnson 10 (David Krejci 20) at 12:18
2. Avalanche , Andrei Kostitsyn 30 (Bryan Little 60, Corey Perry 50) at 17:56 (PP)
3. Avalanche , Jay Bouwmeester 14 (Mikkel Boedker 39, Jack Johnson 32) at 18:56 (PP)
Penalties :
Jonathan Sigalet (Bos) for Delaying the game (Minor) at 17:44, Jason Demers (Bos) for Hooking (Minor) at 18:20
3rd period
4. Bruins , Wojtek Wolski 52 (Victor Oreskovich 36, Henrik Sedin 71) at 9:26 (PP)
5. Avalanche , Corey Perry 32 (Bryan Little 61, Johnny Boychuk 23) at 12:48
6. Avalanche , Andrew Ladd 14 (David Krejci 21, Marc Staal 21) at 14:05
Penalties :
Daymond Langkow (Bos) for Hooking (Minor) at 1:26, Brandon Yip (Col) for Hooking (Minor) at 8:53, Paul Stastny (Col) for Hooking (Minor) at 9:48, Victor Oreskovich (Bos) for Hooking (Minor) at 14:08
Goalie Stats
Roberto Luongo (Bos), 33 saves from 38 shots - (0.868), L, 30-27-0, 60:00 minutes
Semyon Varlamov (Col), 30 saves from 31 shots - (0.968), W, 23-20-4, 60:00 minutes
Players Stats for Bruins
Player Name G A P +/- PIM S H SB GA TA FO MP PP MP PK MP
------------------------------------------------------------------------------------
Adam Pineault 0 0 0 0 0 1 0 0 0 0 0/0 12:39 0:00 0:00
Chris Kelly 0 0 0 -1 2 2 0 0 0 0 10/16 17:12 0:53 0:24
Curtis Glencross 0 0 0 0 0 0 1 0 0 0 0/0 3:42 0:00 1:17
Dainius Zubrus 0 0 0 -1 0 3 3 1 1 0 0/1 16:31 0:53 0:00
Daniel Sedin 0 0 0 -1 0 1 1 0 1 2 1/1 18:34 0:53 1:52
Dave Bolland 0 0 0 -1 0 1 0 0 1 0 3/3 6:20 0:00 0:00
Daymond Langkow 0 0 0 0 2 0 1 0 0 0 5/5 14:04 0:00 1:02
Henrik Sedin 0 1 1 -1 0 10 2 2 1 1 20/36 21:20 1:39 3:53
Jason Demers 0 0 0 -2 2 2 2 0 0 1 0/0 27:27 1:23 3:27
Jonathan Sigalet 0 0 0 0 2 0 0 0 0 0 0/0 18:59 1:09 2:42
Mark Stuart 0 0 0 -2 0 0 3 1 0 1 0/0 28:04 1:23 4:03
Matt Cooke 0 0 0 0 0 2 0 0 1 0 0/0 12:39 0:00 0:00
Maxim Kondratiev 0 0 0 0 0 2 0 1 0 3 0/0 19:00 1:09 2:42
Mike Weber 0 0 0 -1 0 0 2 0 0 0 0/0 13:32 0:00 0:36
Nate Prosser 0 0 0 -1 0 0 0 1 0 1 0/0 12:56 0:00 0:00
Victor Oreskovich 0 1 1 -1 2 1 0 0 1 0 0/2 18:29 1:39 1:09
Viktor Stalberg 0 0 0 -1 0 1 1 0 0 0 0/0 6:20 0:00 0:00
Wojtek Wolski 1 0 1 -2 0 5 3 0 1 0 1/7 25:22 1:39 3:53
Players Stats for Avalanche
Player Name G A P +/- PIM S H SB GA TA FO MP PP MP PK MP
------------------------------------------------------------------------------------
Alexander Radulov 0 0 0 0 0 1 2 1 0 2 1/4 18:45 3:04 0:06
Andrei Kostitsyn 1 0 1 1 0 4 4 1 1 0 1/1 18:00 3:41 0:06
Andrew Ladd 1 0 1 2 0 3 0 0 0 0 0/0 11:27 0:00 0:26
Brandon Yip 0 0 0 2 2 0 1 1 0 0 0/0 11:26 0:00 0:26
Bryan Little 0 2 2 1 0 1 0 0 1 0 12/24 17:48 3:41 0:00
Chuck Kobasew 0 0 0 0 0 2 1 1 0 1 1/2 12:00 0:00 2:00
Corey Perry 1 1 2 1 0 5 3 1 1 0 2/3 17:48 3:41 0:00
David Krejci 0 2 2 2 0 0 3 0 0 0 2/6 11:01 0:00 0:00
Jack Johnson 1 1 2 1 0 2 1 1 1 0 0/0 23:31 4:19 1:46
Jay Bouwmeester 1 0 1 1 0 3 1 1 0 1 0/0 22:19 4:19 0:00
Johnny Boychuk 0 1 1 1 0 3 0 1 1 0 0/0 16:11 0:00 0:46
Marc Staal 0 1 1 1 0 2 1 1 1 1 0/0 22:04 2:26 1:46
Mikkel Boedker 0 1 1 0 0 4 1 0 1 1 2/5 18:33 3:04 0:00
Paul Stastny 0 0 0 0 2 3 1 0 2 1 7/17 18:38 3:04 0:00
Pernell Karl Subban 0 0 0 1 0 2 1 0 0 0 0/0 19:44 2:26 0:00
Peter Mueller 0 0 0 0 0 0 0 0 0 0 2/3 10:00 0:00 0:00
Ryan Smyth 0 0 0 0 0 3 0 0 0 0 1/6 12:00 0:00 2:00
Shane O'Brien 0 0 0 1 0 0 2 1 0 0 0/0 16:11 0:00 0:46
3 Stars
1 - Corey Perry (Col)
2 - Semyon Varlamov (Col)
3 - Jack Johnson (Col)
Power Play
Bruins - 1 on 2 Attempt(s) - 50.00%
Avalanche - 2 on 5 Attempt(s) - 40.00%
Penalty Kill
Bruins - 3 on 5 Attempt(s) - 60.00%
- Score 0 goal in Penalty Kill
Avalanche - 1 on 2 Attempt(s) - 50.00%
- Score 0 goal in Penalty Kill
Team Stat
Bruins - Hits : 19 - Faceoff Wins : 40 - Blocked Shots : 6 - Penalty Minutes : 10
Avalanche - Hits : 22 - Faceoff Wins : 31 - Blocked Shots : 10 - Penalty Minutes : 4
Official
Referees : Kozari Steve and O'Rourke Dan
Linesman : Lyle Seitz and Brad Kovachik
Game Notes
No Game Note
Finance
Level 1 -- Attendance: 5369 (89.48%) -- Ticket Income $450,996
Level 2 -- Attendance: 4579 (91.58%) -- Ticket Income $228,950
Level 3 -- Attendance: 1799 (89.95%) -- Ticket Income $50,372
Level 4 -- Attendance: 4000 (100.00%) -- Ticket Income $72,000
Luxury Box -- Attendance: 746 (74.60%) -- Ticket Income $124,582
Game was played at the Pepsi Center.
Total Attendance: 16493 (91.63%)
Total Ticket Income: $926,900
Other Income: $139,035
Total Income: $1,065,935
Bruins
5 vs 5 Forward
Center Left Wing Right Wing Time % Phy DF OF
1 Henrik Sedin Wojtek Wolski Victor Oreskovich 40 1 2 2
2 Chris Kelly Daniel Sedin Dainius Zubrus 30 1 2 2
3 Daymond Langkow Matt Cooke Adam Pineault 20 1 2 2
4 Dave Bolland Viktor Stalberg Wojtek Wolski 10 1 2 2
5 vs 5 Defense
Defense Defense Time % Phy DF OF
1 Jason Demers Mark Stuart 40 1 2 2
2 Maxim Kondratiev Jonathan Sigalet 30 1 2 2
3 Nate Prosser Mike Weber 20 1 2 2
4 Jason Demers Mark Stuart 10 1 2 2
PowerPlay Forward
Center Left Wing Right Wing Time % Phy DF OF
1 Henrik Sedin Wojtek Wolski Victor Oreskovich 60 1 2 2
2 Chris Kelly Daniel Sedin Dainius Zubrus 40 1 2 2
PowerPlay Defense
Defense Defense Time % Phy DF OF
1 Jason Demers Mark Stuart 60 1 2 2
2 Maxim Kondratiev Jonathan Sigalet 40 1 2 2
Penalty Kill 4 Players Forward
Center Wing Time % Phy DF OF
1 Wojtek Wolski Henrik Sedin 60 1 2 2
2 Daniel Sedin Victor Oreskovich 40 1 2 2
Penalty Kill 4 Players Defense
Defense Defense Time % Phy DF OF
1 Jason Demers Mark Stuart 60 1 2 2
2 Maxim Kondratiev Jonathan Sigalet 40 1 2 2
Penalty Kill - 3 Players Forward
Forward Time % Phy DF OF
1 Wojtek Wolski 60 1 2 2
2 Henrik Sedin 40 1 2 2
Penalty Kill - 3 Players Defense
Defense Defense Time % Phy DF OF
1 Jason Demers Mark Stuart 60 1 2 2
2 Maxim Kondratiev Jonathan Sigalet 40 1 2 2
4 vs 4 Forward
Center Wing Time % Phy DF OF
1 Wojtek Wolski Henrik Sedin 60 1 2 2
2 Daniel Sedin Victor Oreskovich 40 1 2 2
4 vs 4 Defense
Defense Defense Time % Phy DF OF
1 Jason Demers Mark Stuart 60 1 2 2
2 Maxim Kondratiev Jonathan Sigalet 40 1 2 2
Last Minutes Offensive
Center Left Wing Right Wing Defense Defense
Henrik Sedin Wojtek Wolski Victor Oreskovich Jason Demers Mark Stuart
Last Minutes Defensive
Center Left Wing Right Wing Defense Defense
Henrik Sedin Wojtek Wolski Victor Oreskovich Jason Demers Mark Stuart
Goaltenders
Starting : Roberto Luongo
Backup : Karri Ramo
Extra Forwards
Normal : Curtis Glencross, Matt Cooke, Daymond Langkow - PP : Curtis Glencross, Matt Cooke - PK : Daymond Langkow
Extra Defensemen
Normal : Nate Prosser, Mike Weber, Maxim Kondratiev - PP : Nate Prosser - PK : Mike Weber, Maxim Kondratiev
Penalty Shots
Wojtek Wolski, Henrik Sedin, Daniel Sedin, Victor Oreskovich, Chris Kelly
Scratches
Andrew Alberts (Strained Groin Injury), Kris Chucko (Healthy), Matt Hendricks (Healthy), Erik Condra (Healthy)
Avalanche
5 vs 5 Forward
Center Left Wing Right Wing Time % Phy DF OF
1 Bryan Little Andrei Kostitsyn Corey Perry 35 1 2 2
2 Paul Stastny Mikkel Boedker Alexander Radulov 35 1 2 2
3 David Krejci Andrew Ladd Brandon Yip 15 1 2 2
4 Peter Mueller Ryan Smyth Chuck Kobasew 15 1 2 2
5 vs 5 Defense
Defense Defense Time % Phy DF OF
1 Jack Johnson Pernell Karl Subban 35 1 2 2
2 Marc Staal Jay Bouwmeester 35 1 2 2
3 Johnny Boychuk Shane O'Brien 30 1 2 2
4 Jack Johnson Marc Staal 0 1 2 2
PowerPlay Forward
Center Left Wing Right Wing Time % Phy DF OF
1 Bryan Little Andrei Kostitsyn Corey Perry 60 1 2 2
2 Paul Stastny Mikkel Boedker Alexander Radulov 40 1 2 2
PowerPlay Defense
Defense Defense Time % Phy DF OF
1 Jack Johnson Jay Bouwmeester 60 1 2 2
2 Pernell Karl Subban Marc Staal 40 1 2 2
Penalty Kill 4 Players Forward
Center Wing Time % Phy DF OF
1 Ryan Smyth Chuck Kobasew 60 1 2 2
2 Brandon Yip Andrew Ladd 40 1 2 2
Penalty Kill 4 Players Defense
Defense Defense Time % Phy DF OF
1 Jack Johnson Marc Staal 60 1 2 2
2 Shane O'Brien Johnny Boychuk 40 1 2 2
Penalty Kill - 3 Players Forward
Forward Time % Phy DF OF
1 Corey Perry 60 1 2 2
2 Andrei Kostitsyn 40 1 2 2
Penalty Kill - 3 Players Defense
Defense Defense Time % Phy DF OF
1 Jack Johnson Marc Staal 60 1 2 2
2 Shane O'Brien Pernell Karl Subban 40 1 2 2
4 vs 4 Forward
Center Wing Time % Phy DF OF
1 Corey Perry Andrei Kostitsyn 60 1 2 2
2 Bryan Little Mikkel Boedker 40 1 2 2
4 vs 4 Defense
Defense Defense Time % Phy DF OF
1 Jack Johnson Marc Staal 60 1 2 2
2 Shane O'Brien Jay Bouwmeester 40 1 2 2
Last Minutes Offensive
Center Left Wing Right Wing Defense Defense
Bryan Little Andrei Kostitsyn Corey Perry Jack Johnson Jay Bouwmeester
Last Minutes Defensive
Center Left Wing Right Wing Defense Defense
Bryan Little Andrew Ladd Chuck Kobasew Jack Johnson Marc Staal
Goaltenders
Starting : Semyon Varlamov
Backup : Dan Ellis
Extra Forwards
Normal : Andrew Ladd, Paul Stastny, Alexander Radulov - PP : Andrew Ladd, Paul Stastny - PK : Alexander Radulov
Extra Defensemen
Normal : Johnny Boychuk, Pernell Karl Subban, Shane O'Brien - PP : Johnny Boychuk - PK : Pernell Karl Subban, Shane O'Brien
Penalty Shots
Corey Perry, Andrei Kostitsyn, Bryan Little, Mikkel Boedker, Andrew Ladd
Scratches
None
% Time on Ice - Bruins
Lines # - Real PCT - Wanted PCT - Time Play
Normal Forward
1 - 31% - 40% - 15:55
2 - 31% - 30% - 15:49
3 - 25% - 20% - 12:39
4 - 12% - 10% - 6:20
Normal Defense
1 - 39% - 40% - 20:01
2 - 30% - 30% - 15:09
3 - 26% - 20% - 12:56
4 - 5% - 10% - 2:37
PP Forward
1 - 65% - 60% - 1:39
2 - 35% - 40% - 0:53
PP Defense
1 - 55% - 60% - 1:23
2 - 45% - 40% - 1:09
PK Forward
1 - 72% - 60% - 4:53
2 - 28% - 40% - 1:52
PK Defense
1 - 60% - 60% - 4:03
2 - 40% - 40% - 2:42
PK3 Forward
1 - 0% - 60%
2 - 0% - 40%
PK3 Defense
1 - 0% - 60%
2 - 0% - 40%
44 Forward
1 - 0% - 60%
2 - 0% - 40%
44 Defense
1 - 0% - 60%
2 - 0% - 40%
Last Minute Offensive - 0:00
Last Minute Defensive - 0:00
Total
Forward - 60:00
Defense - 60:00
|
% Time on Ice - Avalanche
Lines # - Real PCT - Wanted PCT - Time Play
Normal Forward
1 - 28% - 35% - 14:13
2 - 31% - 35% - 15:29
3 - 22% - 15% - 11:01
4 - 20% - 15% - 10:00
Normal Defense
1 - 34% - 35% - 17:26
2 - 35% - 35% - 17:58
3 - 30% - 30% - 15:19
4 - 0% - 0% - 0:00
PP Forward
1 - 55% - 60% - 3:41
2 - 45% - 40% - 3:04
PP Defense
1 - 64% - 60% - 4:19
2 - 36% - 40% - 2:26
PK Forward
1 - 83% - 60% - 2:06
2 - 17% - 40% - 0:26
PK Defense
1 - 70% - 60% - 1:46
2 - 30% - 40% - 0:46
PK3 Forward
1 - 0% - 60%
2 - 0% - 40%
PK3 Defense
1 - 0% - 60%
2 - 0% - 40%
44 Forward
1 - 0% - 60%
2 - 0% - 40%
44 Defense
1 - 0% - 60%
2 - 0% - 40%
Last Minute Offensive - 0:00
Last Minute Defensive - 0:00
Total
Forward - 60:00
Defense - 60:00
|
Play by Play
1st period
0:01 of 1st period - Bryan Little wins face-off versus Henrik Sedin in neutral zone.
0:04 of 1st period - Slapshot by Andrei Kostitsyn.
0:04 of 1st period - Shot Misses the Net.
0:56 of 1st period - Wrist shot by Daymond Langkow.
0:56 of 1st period - Shot Blocked by Brandon Yip.
0:58 of 1st period - Wrist shot by Matt Cooke.
0:58 of 1st period - Deflect By Daymond Langkow.
0:58 of 1st period - Shot Misses the Net.
0:58 of 1st period - Puck is out of play.
0:59 of 1st period - Dave Bolland wins face-off versus Peter Mueller in Avalanche zone.
1:00 of 1st period - Snap shot by Viktor Stalberg.
1:00 of 1st period - Stopped by Semyon Varlamov with a rebound.
1:02 of 1st period - Snap shot by Jonathan Sigalet.
1:02 of 1st period - Shot Misses the Net.
1:10 of 1st period - Wrist shot by Dave Bolland.
1:10 of 1st period - Shot Misses the Net.
1:12 of 1st period - Slapshot by Maxim Kondratiev.
1:12 of 1st period - Stopped by Semyon Varlamov without a rebound.
1:13 of 1st period - Henrik Sedin wins face-off versus Bryan Little in Avalanche zone.
3:14 of 1st period - Icing by Pernell Karl Subban.
3:15 of 1st period - Chris Kelly wins face-off versus Paul Stastny in Avalanche zone.
3:28 of 1st period - Slapshot by Mikkel Boedker.
3:28 of 1st period - Shot Blocked by Dainius Zubrus.
3:30 of 1st period - Snap shot by Paul Stastny.
3:30 of 1st period - Stopped by Roberto Luongo with a rebound.
3:32 of 1st period - Snap shot by Pernell Karl Subban.
3:32 of 1st period - Stopped by Roberto Luongo with a rebound.
3:42 of 1st period - Marc Staal is hit by Mike Weber and loses puck.
4:05 of 1st period - Marc Staal is hit by Henrik Sedin and loses puck.
5:30 of 1st period - Icing by Pernell Karl Subban.
5:31 of 1st period - Chris Kelly wins face-off versus David Krejci in Avalanche zone.
5:34 of 1st period - Slapshot by Matt Cooke.
5:34 of 1st period - Stopped by Semyon Varlamov with a rebound.
5:39 of 1st period - Jack Johnson is hit by Mike Weber and loses puck.
5:58 of 1st period - Snap shot by Andrew Ladd.
5:58 of 1st period - Stopped by Roberto Luongo without a rebound.
5:59 of 1st period - Mikkel Boedker wins face-off versus Henrik Sedin in Bruins zone.
6:12 of 1st period - Snap shot by Henrik Sedin.
6:12 of 1st period - Stopped by Semyon Varlamov without a rebound.
6:13 of 1st period - Henrik Sedin wins face-off versus Bryan Little in Avalanche zone.
6:14 of 1st period - Snap shot by Victor Oreskovich.
6:14 of 1st period - Deflect By Wojtek Wolski.
6:14 of 1st period - Stopped by Semyon Varlamov without a rebound.
6:15 of 1st period - Bryan Little wins face-off versus Victor Oreskovich in Avalanche zone.
6:15 of 1st period - Bryan Little is hit by Jason Demers.
6:27 of 1st period - Wrist shot by Wojtek Wolski.
6:27 of 1st period - Shot Misses the Net.
6:29 of 1st period - Snap shot by Henrik Sedin.
6:29 of 1st period - Shot Misses the Net.
6:31 of 1st period - Slapshot by Jason Demers.
6:31 of 1st period - Shot Misses the Net.
6:51 of 1st period - Wrist shot by Matt Cooke.
6:51 of 1st period - Deflect By Daymond Langkow.
6:51 of 1st period - Shot Misses the Net.
6:51 of 1st period - Puck is out of play.
6:52 of 1st period - Paul Stastny wins face-off versus Henrik Sedin in Avalanche zone.
7:29 of 1st period - Chris Kelly is hit by Pernell Karl Subban and loses puck.
8:34 of 1st period - Wrist shot by Paul Stastny.
8:34 of 1st period - Stopped by Roberto Luongo without a rebound.
8:35 of 1st period - Paul Stastny wins face-off versus Chris Kelly in Bruins zone.
8:54 of 1st period - Chris Kelly is hit by Shane O'Brien and loses puck.
9:01 of 1st period - Snap shot by Paul Stastny.
9:01 of 1st period - Shot Misses the Net.
9:11 of 1st period - Snap shot by Daniel Sedin.
9:11 of 1st period - Shot Misses the Net.
9:35 of 1st period - Mike Weber is hit by Mikkel Boedker and loses puck.
9:42 of 1st period - Slapshot by Mikkel Boedker.
9:42 of 1st period - Stopped by Roberto Luongo with a rebound.
9:44 of 1st period - Snap shot by Paul Stastny.
9:44 of 1st period - Stopped by Roberto Luongo without a rebound.
9:45 of 1st period - Henrik Sedin wins face-off versus Bryan Little in Bruins zone.
10:16 of 1st period - Slapshot by Jay Bouwmeester.
10:16 of 1st period - Shot Misses the Net.
10:53 of 1st period - Snap shot by Corey Perry.
10:53 of 1st period - Stopped by Roberto Luongo with a rebound.
11:04 of 1st period - Henrik Sedin is hit by Andrei Kostitsyn and loses puck.
11:17 of 1st period - Slapshot by Jay Bouwmeester.
11:17 of 1st period - Stopped by Roberto Luongo with a rebound.
11:38 of 1st period - Brandon Yip is hit by Curtis Glencross and loses puck.
12:31 of 1st period - Pernell Karl Subban is hit by Jason Demers and loses puck.
12:46 of 1st period - Slapshot by Andrew Ladd.
12:46 of 1st period - Shot Misses the Net.
12:48 of 1st period - Slapshot by Pernell Karl Subban.
12:48 of 1st period - Deflect By Mark Stuart.
12:48 of 1st period - Stopped by Roberto Luongo without a rebound.
12:49 of 1st period - Daymond Langkow wins face-off versus Paul Stastny in Bruins zone.
13:16 of 1st period - Ryan Smyth is hit by Daniel Sedin and loses puck.
13:25 of 1st period - Wrist shot by Ryan Smyth.
13:25 of 1st period - Stopped by Roberto Luongo without a rebound.
13:26 of 1st period - Henrik Sedin wins face-off versus Bryan Little in Bruins zone.
13:39 of 1st period - Snap shot by Bryan Little.
13:39 of 1st period - Shot Misses the Net.
14:03 of 1st period - Wrist shot by Matt Cooke.
14:03 of 1st period - Stopped by Semyon Varlamov without a rebound.
14:04 of 1st period - Henrik Sedin wins face-off versus Bryan Little in Avalanche zone.
14:09 of 1st period - Wrist shot by Henrik Sedin.
14:09 of 1st period - Shot Misses the Net.
14:20 of 1st period - Slapshot by Johnny Boychuk.
14:20 of 1st period - Shot Blocked by Maxim Kondratiev.
14:30 of 1st period - Johnny Boychuk is hit by Dainius Zubrus and loses puck.
15:10 of 1st period - Icing by Ryan Smyth.
15:11 of 1st period - Dave Bolland wins face-off versus Chuck Kobasew in Avalanche zone.
15:52 of 1st period - Snap shot by Ryan Smyth.
15:52 of 1st period - Stopped by Roberto Luongo without a rebound.
15:53 of 1st period - Bryan Little wins face-off versus Chris Kelly in Bruins zone.
16:22 of 1st period - Off-side.
16:23 of 1st period - Chris Kelly wins face-off versus Paul Stastny in neutral zone.
16:41 of 1st period - Minor Penalty to Chris Kelly for Close Hand On Puck.
16:42 of 1st period - Henrik Sedin wins face-off versus Bryan Little in Bruins zone.
16:42 of 1st period - Henrik Sedin is hit by Corey Perry.
18:41 of 1st period - Penalty to Chris Kelly is over, Chris Kelly is back on ice.
18:49 of 1st period - Snap shot by Andrew Ladd.
18:49 of 1st period - Shot Misses the Net.
18:51 of 1st period - Slapshot by Johnny Boychuk.
18:51 of 1st period - Stopped by Roberto Luongo without a rebound.
18:52 of 1st period - Daymond Langkow wins face-off versus David Krejci in Bruins zone.
19:19 of 1st period - Slapshot by Johnny Boychuk.
19:19 of 1st period - Stopped by Roberto Luongo with a rebound.
19:21 of 1st period - Slapshot by Johnny Boychuk.
19:21 of 1st period - Stopped by Roberto Luongo without a rebound.
19:22 of 1st period - Peter Mueller wins face-off versus Henrik Sedin in Bruins zone.
19:31 of 1st period - Snap shot by Wojtek Wolski.
19:31 of 1st period - Deflect By Chuck Kobasew.
19:31 of 1st period - Stopped by Semyon Varlamov with a rebound.
19:33 of 1st period - Snap shot by Victor Oreskovich.
19:33 of 1st period - Stopped by Semyon Varlamov with a rebound.
19:49 of 1st period - Icing by Dainius Zubrus.
19:50 of 1st period - Bryan Little wins face-off versus Chris Kelly in Bruins zone.
19:51 of 1st period - Wrist shot by Corey Perry.
19:51 of 1st period - Stopped by Roberto Luongo without a rebound.
19:52 of 1st period - Henrik Sedin wins face-off versus Bryan Little in Bruins zone.
19:52 of 1st period - Henrik Sedin is hit by Corey Perry.
Goals for this period are 0 for Bruins vs 0 for Avalanche.
Shots for this period are 8 for Bruins vs 15 for Avalanche.
2nd period
0:01 of 2nd period - Bryan Little wins face-off versus Victor Oreskovich in neutral zone.
0:04 of 2nd period - Jason Demers is hit by Andrei Kostitsyn and loses puck.
0:25 of 2nd period - Dainius Zubrus is hit by Alexander Radulov and loses puck.
1:08 of 2nd period - Wrist shot by Wojtek Wolski.
1:08 of 2nd period - Deflect By Henrik Sedin.
1:08 of 2nd period - Stopped by Semyon Varlamov without a rebound.
1:09 of 2nd period - Peter Mueller wins face-off versus Henrik Sedin in Avalanche zone.
1:18 of 2nd period - Snap shot by Henrik Sedin.
1:18 of 2nd period - Stopped by Semyon Varlamov with a rebound.
1:20 of 2nd period - Snap shot by Henrik Sedin.
1:20 of 2nd period - Shot Misses the Net.
1:22 of 2nd period - Wrist shot by Jason Demers.
1:22 of 2nd period - Shot Misses the Net.
1:24 of 2nd period - Wrist shot by Wojtek Wolski.
1:24 of 2nd period - Shot Misses the Net.
1:46 of 2nd period - Slapshot by Corey Perry.
1:46 of 2nd period - Stopped by Roberto Luongo without a rebound.
1:47 of 2nd period - Henrik Sedin wins face-off versus Paul Stastny in Bruins zone.
1:54 of 2nd period - Snap shot by Wojtek Wolski.
1:54 of 2nd period - Stopped by Semyon Varlamov with a rebound.
1:56 of 2nd period - Snap shot by Henrik Sedin.
1:56 of 2nd period - Shot Misses the Net.
1:58 of 2nd period - Slapshot by Maxim Kondratiev.
1:58 of 2nd period - Shot Blocked by Shane O'Brien.
2:00 of 2nd period - Wrist shot by Henrik Sedin.
2:00 of 2nd period - Stopped by Semyon Varlamov without a rebound.
2:01 of 2nd period - Bryan Little wins face-off versus Henrik Sedin in Avalanche zone.
2:31 of 2nd period - Slapshot by Daniel Sedin.
2:31 of 2nd period - Shot Misses the Net.
2:33 of 2nd period - Snap shot by Chris Kelly.
2:33 of 2nd period - Shot Misses the Net.
2:37 of 2nd period - Snap shot by Dainius Zubrus.
2:37 of 2nd period - Stopped by Semyon Varlamov without a rebound.
2:38 of 2nd period - Daniel Sedin wins face-off versus Paul Stastny in Avalanche zone.
2:39 of 2nd period - Wrist shot by Chris Kelly.
2:39 of 2nd period - Shot Misses the Net.
2:41 of 2nd period - Slapshot by Maxim Kondratiev.
2:41 of 2nd period - Shot Misses the Net.
2:43 of 2nd period - Slapshot by Jonathan Sigalet.
2:43 of 2nd period - Deflect By Dainius Zubrus.
2:43 of 2nd period - Shot Blocked by Jay Bouwmeester.
2:43 of 2nd period - Puck is out of play.
2:44 of 2nd period - Chris Kelly wins face-off versus Paul Stastny in Avalanche zone.
2:45 of 2nd period - Wrist shot by Daniel Sedin.
2:45 of 2nd period - Shot Blocked by Alexander Radulov.
2:47 of 2nd period - Backhand shot by Dainius Zubrus.
2:47 of 2nd period - Stopped by Semyon Varlamov without a rebound.
2:48 of 2nd period - Chris Kelly wins face-off versus Mikkel Boedker in Avalanche zone.
3:54 of 2nd period - Icing by Jay Bouwmeester.
3:55 of 2nd period - Paul Stastny wins face-off versus Henrik Sedin in Avalanche zone.
5:31 of 2nd period - Icing by David Krejci.
5:32 of 2nd period - Dave Bolland wins face-off versus David Krejci in Avalanche zone.
5:35 of 2nd period - Wrist shot by Dave Bolland.
5:35 of 2nd period - Stopped by Semyon Varlamov with a rebound.
5:41 of 2nd period - Jonathan Sigalet is hit by David Krejci and loses puck.
6:20 of 2nd period - Slapshot by Jack Johnson.
6:20 of 2nd period - Deflect By Henrik Sedin.
6:20 of 2nd period - Stopped by Roberto Luongo without a rebound.
6:21 of 2nd period - Alexander Radulov wins face-off versus Henrik Sedin in Bruins zone.
6:22 of 2nd period - Snap shot by Mikkel Boedker.
6:22 of 2nd period - Stopped by Roberto Luongo with a rebound.
7:02 of 2nd period - Wrist shot by Henrik Sedin.
7:02 of 2nd period - Deflect By Wojtek Wolski.
7:02 of 2nd period - Shot Misses the Net.
7:02 of 2nd period - Puck is out of play.
7:03 of 2nd period - David Krejci wins face-off versus Chris Kelly in Avalanche zone.
7:28 of 2nd period - Snap shot by Daymond Langkow.
7:28 of 2nd period - Shot Misses the Net.
7:34 of 2nd period - Brandon Yip is hit by Daymond Langkow and loses puck.
7:45 of 2nd period - Slapshot by Brandon Yip.
7:45 of 2nd period - Shot Misses the Net.
8:13 of 2nd period - Slapshot by Bryan Little.
8:13 of 2nd period - Shot Misses the Net.
9:09 of 2nd period - Off-side.
9:10 of 2nd period - Daymond Langkow wins face-off versus Bryan Little in neutral zone.
9:13 of 2nd period - Slapshot by Maxim Kondratiev.
9:13 of 2nd period - Stopped by Semyon Varlamov without a rebound.
9:14 of 2nd period - Henrik Sedin wins face-off versus Corey Perry in Avalanche zone.
9:25 of 2nd period - Wrist shot by Wojtek Wolski.
9:25 of 2nd period - Deflect By Victor Oreskovich.
9:25 of 2nd period - Shot Misses the Net.
9:25 of 2nd period - Puck is out of play.
9:26 of 2nd period - Henrik Sedin wins face-off versus Bryan Little in Avalanche zone.
9:54 of 2nd period - Wrist shot by Victor Oreskovich.
9:54 of 2nd period - Deflect By Chris Kelly.
9:54 of 2nd period - Stopped by Semyon Varlamov without a rebound.
9:55 of 2nd period - Chris Kelly wins face-off versus Paul Stastny in Avalanche zone.
10:12 of 2nd period - Snap shot by Mikkel Boedker.
10:12 of 2nd period - Stopped by Roberto Luongo without a rebound.
10:13 of 2nd period - Bryan Little wins face-off versus Henrik Sedin in Bruins zone.
10:40 of 2nd period - Mark Stuart is hit by Jay Bouwmeester.
11:05 of 2nd period - Snap shot by Henrik Sedin.
11:05 of 2nd period - Stopped by Semyon Varlamov without a rebound.
11:06 of 2nd period - Bryan Little wins face-off versus Chris Kelly in Avalanche zone.
11:06 of 2nd period - Bryan Little is hit by Dainius Zubrus.
11:58 of 2nd period - Pernell Karl Subban is hit by Wojtek Wolski and loses puck.
12:14 of 2nd period - Off-side.
12:15 of 2nd period - David Krejci wins face-off versus Chris Kelly in neutral zone.
12:18 of 2nd period - Slapshot by Jack Johnson.
12:18 of 2nd period - Goal by Jack Johnson - Bruins : 0 - Avalanche : 1.
12:19 of 2nd period - Corey Perry wins face-off versus Henrik Sedin in neutral zone.
12:44 of 2nd period - Paul Stastny is hit by Mark Stuart and loses puck.
12:51 of 2nd period - Wrist shot by Chris Kelly.
12:51 of 2nd period - Stopped by Semyon Varlamov with a rebound.
13:09 of 2nd period - Wrist shot by Matt Cooke.
13:09 of 2nd period - Shot Blocked by Jack Johnson.
15:19 of 2nd period - Daniel Sedin is hit by Alexander Radulov and loses puck.
15:30 of 2nd period - Slapshot by Jason Demers.
15:30 of 2nd period - Stopped by Semyon Varlamov with a rebound.
15:36 of 2nd period - Mark Stuart is hit by Corey Perry.
15:40 of 2nd period - Mark Stuart is hit by Andrei Kostitsyn and loses puck.
16:59 of 2nd period - Off-side.
17:00 of 2nd period - Paul Stastny wins face-off versus Dainius Zubrus in neutral zone.
17:03 of 2nd period - Snap shot by Dainius Zubrus.
17:03 of 2nd period - Shot Misses the Net.
17:32 of 2nd period - Bryan Little is hit by Wojtek Wolski and loses puck.
17:44 of 2nd period - Minor Penalty to Jonathan Sigalet for Delaying the game.
17:45 of 2nd period - Bryan Little wins face-off versus Wojtek Wolski in Bruins zone.
17:56 of 2nd period - Snap shot by Andrei Kostitsyn.
17:56 of 2nd period - Goal by Andrei Kostitsyn - Bruins : 0 - Avalanche : 2.
17:57 of 2nd period - Bryan Little wins face-off versus Henrik Sedin in neutral zone.
18:20 of 2nd period - Minor Penalty to Jason Demers for Hooking.
18:21 of 2nd period - Wojtek Wolski wins face-off versus Bryan Little in Bruins zone.
18:36 of 2nd period - Wrist shot by Bryan Little.
18:36 of 2nd period - Shot Misses the Net.
18:38 of 2nd period - Snap shot by Andrei Kostitsyn.
18:38 of 2nd period - Stopped by Roberto Luongo without a rebound.
18:39 of 2nd period - Paul Stastny wins face-off versus Wojtek Wolski in Bruins zone.
18:46 of 2nd period - Wrist shot by Paul Stastny.
18:46 of 2nd period - Deflect By Alexander Radulov.
18:46 of 2nd period - Shot Blocked by Henrik Sedin.
18:46 of 2nd period - Puck is out of play.
18:47 of 2nd period - Mikkel Boedker wins face-off versus Wojtek Wolski in Bruins zone.
18:52 of 2nd period - Snap shot by Jack Johnson.
18:52 of 2nd period - Shot Blocked by Henrik Sedin.
18:54 of 2nd period - Snap shot by Mikkel Boedker.
18:54 of 2nd period - Stopped by Roberto Luongo with a rebound.
18:56 of 2nd period - Slapshot by Jay Bouwmeester.
18:56 of 2nd period - Goal by Jay Bouwmeester - Bruins : 0 - Avalanche : 3.
18:57 of 2nd period - Henrik Sedin wins face-off versus Alexander Radulov in neutral zone.
19:00 of 2nd period - Pernell Karl Subban is hit by Henrik Sedin and loses puck.
19:33 of 2nd period - Wojtek Wolski is hit by Chuck Kobasew and loses puck.
19:52 of 2nd period - Snap shot by Chris Kelly.
19:52 of 2nd period - Shot Blocked by Marc Staal.
19:54 of 2nd period - Slapshot by Mike Weber.
19:54 of 2nd period - Shot Blocked by Andrei Kostitsyn.
19:56 of 2nd period - Wrist shot by Daniel Sedin.
19:56 of 2nd period - Shot Blocked by Corey Perry.
Goals for this period are 0 for Bruins vs 3 for Avalanche.
Shots for this period are 12 for Bruins vs 9 for Avalanche.
3rd period
0:01 of 3rd period - Henrik Sedin wins face-off versus Alexander Radulov in neutral zone.
0:30 of 3rd period - Snap shot by Andrei Kostitsyn.
0:30 of 3rd period - Stopped by Roberto Luongo with a rebound.
0:32 of 3rd period - Slapshot by Marc Staal.
0:32 of 3rd period - Stopped by Roberto Luongo with a rebound.
0:34 of 3rd period - Slapshot by Marc Staal.
0:34 of 3rd period - Deflect By Dainius Zubrus.
0:34 of 3rd period - Stopped by Roberto Luongo without a rebound.
0:35 of 3rd period - Bryan Little wins face-off versus Henrik Sedin in Bruins zone.
1:26 of 3rd period - Minor Penalty to Daymond Langkow for Hooking.
1:27 of 3rd period - Henrik Sedin wins face-off versus Bryan Little in Bruins zone.
2:00 of 3rd period - Mark Stuart is hit by Paul Stastny and loses puck.
3:26 of 3rd period - Penalty to Daymond Langkow is over, Daymond Langkow is back on ice.
3:26 of 3rd period - Icing by Jonathan Sigalet.
3:27 of 3rd period - Paul Stastny wins face-off versus Wojtek Wolski in Bruins zone.
3:32 of 3rd period - Wrist shot by Chuck Kobasew.
3:32 of 3rd period - Stopped by Roberto Luongo with a rebound.
4:33 of 3rd period - Corey Perry is hit by Viktor Stalberg and loses puck.
4:50 of 3rd period - Slapshot by Chuck Kobasew.
4:50 of 3rd period - Stopped by Roberto Luongo with a rebound.
4:52 of 3rd period - Backhand shot by Peter Mueller.
4:52 of 3rd period - Shot Blocked by Nate Prosser.
4:54 of 3rd period - Slapshot by Ryan Smyth.
4:54 of 3rd period - Stopped by Roberto Luongo without a rebound.
4:55 of 3rd period - Daymond Langkow wins face-off versus Paul Stastny in Bruins zone.
5:47 of 3rd period - Henrik Sedin is hit by David Krejci and loses puck.
6:14 of 3rd period - Wrist shot by Ryan Smyth.
6:14 of 3rd period - Shot Misses the Net.
6:16 of 3rd period - Slapshot by Pernell Karl Subban.
6:16 of 3rd period - Deflect By Peter Mueller.
6:16 of 3rd period - Shot Misses the Net.
6:16 of 3rd period - Puck is out of play.
6:17 of 3rd period - Paul Stastny wins face-off versus Henrik Sedin in Bruins zone.
6:24 of 3rd period - Snap shot by Mikkel Boedker.
6:24 of 3rd period - Shot Misses the Net.
6:26 of 3rd period - Slapshot by Alexander Radulov.
6:26 of 3rd period - Stopped by Roberto Luongo with a rebound.
7:22 of 3rd period - Snap shot by Andrew Ladd.
7:22 of 3rd period - Deflect By Daymond Langkow.
7:22 of 3rd period - Stopped by Roberto Luongo without a rebound.
7:23 of 3rd period - Daymond Langkow wins face-off versus David Krejci in Bruins zone.
7:28 of 3rd period - Brandon Yip is hit by Mark Stuart and loses puck.
7:43 of 3rd period - Daymond Langkow is hit by David Krejci and loses puck.
8:12 of 3rd period - Brandon Yip is hit by Mark Stuart and loses puck.
8:46 of 3rd period - Wrist shot by Adam Pineault.
8:46 of 3rd period - Stopped by Semyon Varlamov with a rebound.
8:48 of 3rd period - Slapshot by Matt Cooke.
8:48 of 3rd period - Shot Misses the Net.
8:53 of 3rd period - Minor Penalty to Brandon Yip for Hooking.
8:54 of 3rd period - Henrik Sedin wins face-off versus Ryan Smyth in Avalanche zone.
9:00 of 3rd period - Snap shot by Henrik Sedin.
9:00 of 3rd period - Stopped by Semyon Varlamov with a rebound.
9:02 of 3rd period - Wrist shot by Wojtek Wolski.
9:02 of 3rd period - Shot Misses the Net.
9:04 of 3rd period - Slapshot by Maxim Kondratiev.
9:04 of 3rd period - Deflect By Wojtek Wolski.
9:04 of 3rd period - Shot Misses the Net.
9:04 of 3rd period - Puck is out of play.
9:05 of 3rd period - Henrik Sedin wins face-off versus Ryan Smyth in Avalanche zone.
9:12 of 3rd period - Slapshot by Henrik Sedin.
9:12 of 3rd period - Stopped by Semyon Varlamov without a rebound.
9:13 of 3rd period - Chuck Kobasew wins face-off versus Henrik Sedin in Avalanche zone.
9:20 of 3rd period - Snap shot by Henrik Sedin.
9:20 of 3rd period - Stopped by Semyon Varlamov with a rebound.
9:22 of 3rd period - Wrist shot by Henrik Sedin.
9:22 of 3rd period - Stopped by Semyon Varlamov with a rebound.
9:24 of 3rd period - Slapshot by Victor Oreskovich.
9:24 of 3rd period - Shot Misses the Net.
9:26 of 3rd period - Snap shot by Wojtek Wolski.
9:26 of 3rd period - Goal by Wojtek Wolski - Bruins : 1 - Avalanche : 3.
9:27 of 3rd period - Henrik Sedin wins face-off versus Mikkel Boedker in neutral zone.
9:27 of 3rd period - Wojtek Wolski is hit by Marc Staal and loses puck.
9:48 of 3rd period - Minor Penalty to Paul Stastny for Hooking.
9:49 of 3rd period - Henrik Sedin wins face-off versus Ryan Smyth in Avalanche zone.
10:00 of 3rd period - Slapshot by Jason Demers.
10:00 of 3rd period - Stopped by Semyon Varlamov without a rebound.
10:01 of 3rd period - Henrik Sedin wins face-off versus Ryan Smyth in Avalanche zone.
10:32 of 3rd period - Wrist shot by Chris Kelly.
10:32 of 3rd period - Deflect By Dainius Zubrus.
10:32 of 3rd period - Shot Blocked by Chuck Kobasew.
10:32 of 3rd period - Puck is out of play.
10:33 of 3rd period - Chris Kelly wins face-off versus Ryan Smyth in Avalanche zone.
10:38 of 3rd period - Snap shot by Daniel Sedin.
10:38 of 3rd period - Deflect By Shane O'Brien.
10:38 of 3rd period - Stopped by Semyon Varlamov with a rebound.
10:40 of 3rd period - Slapshot by Maxim Kondratiev.
10:40 of 3rd period - Deflect By Dainius Zubrus.
10:40 of 3rd period - Shot Misses the Net.
10:40 of 3rd period - Puck is out of play.
10:41 of 3rd period - Ryan Smyth wins face-off versus Henrik Sedin in Avalanche zone.
10:48 of 3rd period - Snap shot by Wojtek Wolski.
10:48 of 3rd period - Stopped by Semyon Varlamov with a rebound.
10:50 of 3rd period - Slapshot by Henrik Sedin.
10:50 of 3rd period - Stopped by Semyon Varlamov with a rebound.
10:52 of 3rd period - Snap shot by Mark Stuart.
10:52 of 3rd period - Shot Blocked by Johnny Boychuk.
11:45 of 3rd period - Slapshot by Andrei Kostitsyn.
11:45 of 3rd period - Stopped by Roberto Luongo without a rebound.
11:46 of 3rd period - Chris Kelly wins face-off versus Alexander Radulov in Bruins zone.
11:48 of 3rd period - Penalty to Paul Stastny is over, Paul Stastny is back on ice.
11:53 of 3rd period - Slapshot by Chris Kelly.
11:53 of 3rd period - Deflect By Dainius Zubrus.
11:53 of 3rd period - Deflect By Andrei Kostitsyn.
11:53 of 3rd period - Stopped by Semyon Varlamov without a rebound.
11:54 of 3rd period - Henrik Sedin wins face-off versus Paul Stastny in Avalanche zone.
12:08 of 3rd period - Icing by Shane O'Brien.
12:09 of 3rd period - Chris Kelly wins face-off versus Mikkel Boedker in Avalanche zone.
12:48 of 3rd period - Snap shot by Corey Perry.
12:48 of 3rd period - Goal by Corey Perry - Bruins : 1 - Avalanche : 4.
12:49 of 3rd period - Corey Perry wins face-off versus Henrik Sedin in neutral zone.
12:54 of 3rd period - Snap shot by Corey Perry.
12:54 of 3rd period - Stopped by Roberto Luongo with a rebound.
13:16 of 3rd period - Alexander Radulov is hit by Dainius Zubrus and loses puck.
14:05 of 3rd period - Wrist shot by Andrew Ladd.
14:05 of 3rd period - Goal by Andrew Ladd - Bruins : 1 - Avalanche : 5.
14:06 of 3rd period - Henrik Sedin wins face-off versus Bryan Little in neutral zone.
14:08 of 3rd period - Minor Penalty to Victor Oreskovich for Hooking.
14:09 of 3rd period - Bryan Little wins face-off versus Wojtek Wolski in Bruins zone.
14:11 of 3rd period - Slapshot by Bryan Little.
14:11 of 3rd period - Stopped by Roberto Luongo without a rebound.
14:12 of 3rd period - Andrei Kostitsyn wins face-off versus Wojtek Wolski in Bruins zone.
14:23 of 3rd period - Snap shot by Corey Perry.
14:23 of 3rd period - Shot Blocked by Mark Stuart.
14:25 of 3rd period - Slapshot by Jay Bouwmeester.
14:25 of 3rd period - Stopped by Roberto Luongo with a rebound.
15:38 of 3rd period - Daniel Sedin is hit by Andrei Kostitsyn.
16:08 of 3rd period - Penalty to Victor Oreskovich is over, Victor Oreskovich is back on ice.
16:52 of 3rd period - Dave Bolland is hit by Shane O'Brien and loses puck.
18:11 of 3rd period - Pernell Karl Subban is hit by Wojtek Wolski and loses puck.
18:22 of 3rd period - Daymond Langkow is hit by Jack Johnson and loses puck.
18:50 of 3rd period - Jason Demers is hit by Brandon Yip and loses puck.
19:06 of 3rd period - Off-side.
19:07 of 3rd period - Chris Kelly wins face-off versus Paul Stastny in neutral zone.
Goals for this period are 1 for Bruins vs 2 for Avalanche.
Shots for this period are 11 for Bruins vs 14 for Avalanche.
Back to the Top